 Dungeon Crawl Stone Soup version 0.31-a0-187-gba352fbbf7 (webtiles) character file.

Game seed: 12102353949477551793

620 qw the Skirmisher (level 7, 0/40 HPs)
             Began as a Deep Elf Hunter on June 22, 2023.
             Was a Follower of Okawaru.
             Succumbed to a water moccasin's poison
             ... on level 6 of the Dungeon.
             The game lasted 00:01:32 (4198 turns).

qw the Skirmisher (Deep Elf Hunter)                 Turns: 4198, Time: 00:01:32

Health: 0/40       AC: 11    Str: 10    XL:     7   Next: 22%
Magic:  8/10       EV: 15    Int: 14    God:    Okawaru [*.....]
Gold:   280        SH:  5    Dex: 20    Spells: 6/6 levels left

rFire   . . .        Y - +1 shortbow
rCold   . . .        (shield currently unavailable)
rNeg    . . .        d - +0 ring mail
rPois   .            e - +1 helmet
rElec   .            b - +0 cloak
rCorr   .            j - +0 pair of gloves
SInv    .            (no boots)
Will    +....        r - amulet of reflection
Stlth   +++          g - ring "Qohapt Toxua" {Will+ Dex+2}
HPRegen 0.26/turn    (no ring)
MPRegen 0.12/turn

%: reflection
@: lethally poisoned (0 -> -26), about to teleport, heroic
A: no striking features
a: Renounce Religion, Heroism


You were on level 6 of the Dungeon.
You worshipped Okawaru.
Okawaru was aware of your devotion.
You visited 2 branches of the dungeon, and saw 7 of its levels.

You collected 280 gold pieces.


   Skills:
 - Level 2.0(7.0) Fighting
 + Level 10.2(15.2) Ranged Weapons
 - Level 1.2(6.2) Armour
 - Level 3.5(8.5) Dodging
 - Level 1.2(6.2) Stealth
 + Level 2.1 Invocations


You had 6 spell levels left.
You didn't know any spells.
Your spell library was empty.

Inventory:

Hand Weapons
 Y - a +1 shortbow (weapon)
Armour
 b - a +0 cloak (worn)
 d - a +0 ring mail (worn)
 e - a +1 helmet (worn)
 j - a +0 pair of gloves (worn)
Jewellery
 g - the ring "Qohapt Toxua" (left hand) {Will+ Dex+2}
   (You found it on level 2 of the Dungeon)

   [ring of willpower]

   Dex:       It affects your dexterity (+2).
   Will:      It increases your willpower.
 r - an amulet of reflection (around neck)
Scrolls
 a - 2 scrolls of teleportation
 m - a scroll of identify
Potions
 f - a potion of curing
 h - a potion of haste
 i - a potion of magic {unknown}
 k - a potion of might {unknown}
 l - a potion of heal wounds {unknown}
 p - a potion of cancellation {unknown}

Dungeon Overview and Level Annotations

Branches:
Dungeon (6/15)             Temple (1/1) D:4

Altars:
Ashenzari
Cheibriados
Fedhas
Gozag
Hepliaklqana
Makhleb
Nemelex Xobeh
Okawaru
Qazlal
Ru
Trog
Uskayaw
Vehumet
Xom


Message History

You feel sick.
The water moccasin bites you but does no damage.
The water moccasin completely misses you.
You shoot an arrow.
The arrow barely misses the water moccasin.
You feel sick. The water moccasin closely misses you.
You shoot an arrow. The arrow hits the water moccasin.
The water moccasin is moderately wounded.
You feel sick. The water moccasin bites you.
You are more poisoned.
The water moccasin poisons you! The water moccasin bites you.
You are lethally poisoned!
The water moccasin poisons you!
4193 ||| INVOKING Heroism.
You gain the combat prowess of a mighty hero.
You feel very sick. The water moccasin closely misses you.
You shoot an arrow. The arrow hits the water moccasin.
The water moccasin is heavily wounded.
You feel very sick. You block the water moccasin's attack.
You shoot an arrow.
The arrow barely misses the water moccasin.
You feel very sick. The water moccasin misses you.
You shoot an arrow.
The arrow closely misses the water moccasin.
You feel very sick. The water moccasin misses you.
4197 ||| READING 3 scrolls of teleportation.
As you read the scroll of teleportation, it crumbles to dust.
You feel strangely unstable.
You feel very sick.
The water moccasin bites you but does no damage.
The water moccasin bites you.
You are more poisoned.
The water moccasin poisons you!
You shoot an arrow. The arrow hits the water moccasin.
The water moccasin is heavily wounded.
You die...

~8..8~#.##.#######.#
##.######
~~..~~#.##.........#
#........
##++###.############
#.......# ... #.#
#.#####.# ### ..# #.
#.# .## #. #.#
####### #. #.# #....
#.... #.....# .. #.#
#.....#.....#.S@..#
## #.#
#..#..#..#..#..#..#
##..#..#..#..#..#..#
....#.....#.?...#..#
...o#....F#.....#..#
#################..#
....!........).....#
...................#
#################..#


You could see a water moccasin.

Vanquished Creatures
  Blork the orc (D:6)
  3 scorpions
  An orc priest (D:6)
  2 hounds (D:6)
  3 sleepcaps
  2 iguanas (D:5)
  An orc wizard (D:6)
  4 adders
  2 ufetubi
  2 worms (D:2)
  3 dart slugs
  7 orcs
  11 ball pythons
  2 endoplasms (D:2)
  4 giant cockroaches
  6 goblins
  3 hobgoblins
  9 kobolds
  3 quokkas
  5 bats
  A frilled lizard (D:1)
  3 rats
78 creatures vanquished.

Notes
Turn   | Place    | Note
-------+----------+-------------------------------------------
     0 | D:1      | qw the Deep Elf Hunter began the quest for the Orb.
     0 | D:1      | Reached XP level 1. HP: 12/12 MP: 3/3
     0 | D:1      | 0 ||| qw: Version: 0.3-a-9-g12657ce
     0 | D:1      | 0 ||| qw: Game counter: 2116
     0 | D:1      | 0 ||| qw: Always use a shield: true
     0 | D:1      | 0 ||| qw: God list: Okawaru
     0 | D:1      | 0 ||| qw: Allow faded altars: false
     0 | D:1      | 0 ||| qw: Do Orc after D:15 true
     0 | D:1      | 0 ||| qw: Do second Lair branch before Depths: true
     0 | D:1      | 0 ||| qw: Lair rune preference: random
     0 | D:1      | 0 ||| qw: Plans: Normal
     0 | D:1      | 0 ||| PLANNING D:1-11
     9 | D:1      | 9 ||| FLEEEEING.
    79 | D:1      | Reached XP level 2. HP: 16/16 MP: 4/4
    98 | D:1      | Reached skill level 6 in Ranged Weapons
   429 | D:1      | 429 ||| UPGRADING to +0 ring mail.
   439 | D:1      | 439 ||| DROPPING +0 leather armour.
   440 | D:1      | 440 ||| UPGRADING to +0 helmet.
   445 | D:1      | 445 ||| READING scroll labelled TAPPUE VERCHIU.
   446 | D:1      | 446 ||| READING scroll labelled LAN HUCZEZ.
   449 | D:1      | 449 ||| READING 2 scrolls labelled YMYESHR YPTO.
   450 | D:1      | 450 ||| DROPPING scroll of butterflies.
   451 | D:1      | 451 ||| DROPPING scroll of fear.
   489 | D:2      | Reached XP level 3. HP: 19/20 MP: 5/5
   579 | D:2      | Reached skill level 7 in Ranged Weapons
   789 | D:2      | Identified the ring "Qohapt Toxua" {Will+ Dex+2}
   887 | D:2      | Reached XP level 4. HP: 25/25 MP: 6/6
  1085 | D:2      | 1085 ||| UPGRADING to +0 cloak.
  1090 | D:2      | 1090 ||| UPGRADING to ring "Qohapt Toxua" {Will+ Dex+2}.
  1091 | D:2      | 1091 ||| READING scroll labelled BEUCEI FOUKH.
  1092 | D:2      | 1092 ||| READING scroll labelled IMOITI FEALEI.
  1674 | D:3      | 1674 ||| READING scroll labelled ZUKLAMUGGA.
  1675 | D:3      | 1675 ||| DRINKING 2 amethyst potions.
  1735 | D:4      | Noticed a scorpion
  1744 | D:4      | Killed a scorpion
  1745 | D:4      | Reached skill level 8 in Ranged Weapons
  1818 | D:4      | Found an opulent altar of Gozag.
  1818 | D:4      | Found a blossoming altar of Fedhas.
  1997 | D:4      | Reached XP level 5. HP: 29/29 MP: 7/7
  2215 | D:4      | Found a staircase to the Ecumenical Temple.
  2216 | D:4      | 2216 ||| PLANNING TEMPLE
  2216 | D:4      | 2216 ||| READING 2 scrolls labelled UPOQIA MOCS.
  2217 | D:4      | 2217 ||| READING scroll of enchant armour.
  2217 | D:4      | 2217 ||| ENCHANTING +0 helmet.
  2222 | Temple   | Entered the Ecumenical Temple
  2223 | Temple   | 2223 ||| PLANNING OKAWARU WORSHIP
  2428 | Temple   | Became a worshipper of Warmaster Okawaru
  2429 | Temple   | 2429 ||| PLANNING D:1-11
  2487 | D:4      | Found a stormy altar of Qazlal.
  3079 | D:4      | 3079 ||| READING scroll labelled TEIZEO AVOV.
  3080 | D:4      | 3080 ||| DRINKING 2 bubbling green potions.
  3116 | D:4      | 3116 ||| DROPPING potion of lignification.
  3173 | D:5      | Entered Level 5 of the Dungeon
  3261 | D:5      | Reached skill level 9 in Ranged Weapons
  3324 | D:5      | Reached skill level 3 in Dodging
  3324 | D:5      | Reached XP level 6. HP: 29/35 MP: 8/8
  3626 | D:5      | 3626 ||| UPGRADING to +0 pair of gloves.
  3631 | D:5      | 3631 ||| UPGRADING to amulet of reflection.
  3636 | D:5      | 3636 ||| READING 2 scrolls labelled JEEMAS HAMOMIO.
  3637 | D:5      | 3637 ||| READING scroll labelled SUNYAS HYUJ.
  3698 | D:5      | 3698 ||| READING scroll labelled CIB CEKLIHALU.
  3699 | D:5      | 3699 ||| READING scroll labelled YLETAW VOPED.
  3700 | D:5      | 3700 ||| DRINKING 2 metallic inky potions.
  3701 | D:5      | 3701 ||| DRINKING 2 potions of curing.
  3701 | D:5      | 3701 ||| (to cure confusion)
  3702 | D:5      | 3702 ||| DROPPING potion of ambrosia.
  3730 | D:6      | Reached skill level 1 in Armour
  3754 | D:6      | Reached * piety under Okawaru
  3863 | D:6      | Reached skill level 1 in Invocations
  4051 | D:6      | 4051 ||| INVOKING Heroism.
  4065 | D:6      | 4065 ||| INVOKING Heroism.
  4129 | D:6      | Noticed an orc warrior
  4129 | D:6      | Noticed an orc warrior
  4133 | D:6      | 4133 ||| READING 3 scrolls of identify.
  4133 | D:6      | 4133 ||| IDENTIFYING golden potion
  4134 | D:6      | 4134 ||| READING 2 scrolls of identify.
  4134 | D:6      | 4134 ||| IDENTIFYING bubbling cyan potion
  4135 | D:6      | 4135 ||| DROPPING potion of invisibility.
  4140 | D:6      | Noticed Blork the orc
  4141 | D:6      | 4141 ||| INVOKING Heroism.
  4146 | D:6      | Killed Blork the orc
  4147 | D:6      | Reached skill level 10 in Ranged Weapons
  4147 | D:6      | Reached XP level 7. HP: 40/40 MP: 7/10
  4193 | D:6      | 4193 ||| INVOKING Heroism.
  4196 | D:6      | HP: 9/40 [poisoned by a water moccasin]
  4197 | D:6      | 4197 ||| READING 3 scrolls of teleportation.
  4198 | D:6      | Succumbed to a water moccasin's poison

Levels and vault maps discovered:
D:1:      nicolae_arrival_memento_mori, layout_rooms,
          dreamdust_princess_corridor
D:2:      layout_rooms, minivault_14
D:3:      layout_rooms, minmay_fountain_box
D:4:      layout_basic, lemuel_coloured_pillars_altar,
          nicolae_overflow_two_pavilions, temple_doors_e
D:5:      layout_gridville
D:6:      kennysheep_windowed_halls, layout_loops_ring,
          amcnicky_mini_rare_corridor_liquid, kennysheep_generic_room_15,
          uniq_blork_the_orc
Temple:   nicolae_temple_bog_church

Skill      XL: |  1  2  3  4  5  6  7 |
---------------+----------------------+-----
Ranged Weapons | 6 7 8 9 10 | 10.2
Fighting       | 2 |  2.0
Dodging        | 3 |  3.5
Armour         | 1 |  1.2
Invocations    | 1 2 |  2.1
Stealth        | |  1.2

Action                     |  1- 3 |  4- 6 |  7- 9 || total
---------------------------+-------+-------+-------++-------
   Fire: Shortbow          |   102 |   148 |    24 ||   274
 Invoke: Heroism           |       |     3 |     1 ||     4
    Use: Scroll            |     3 |    12 |     1 ||    16
         Potion            |       |     4 |       ||     4
 Armour: Leather armour    |     1 |       |       ||     1
         Ring mail         |     8 |    22 |     3 ||    33
  Dodge: Dodged            |    17 |    47 |    10 ||    74
  Block: Other             |       |     7 |     3 ||    10

Table legend:
 A = Non-vault XP
 B = Vault XP
 C = Vault XP percentage of total XP
 D = Non-vault monster count
 E = Vault monster count
 F = Vault count percentage of total count
                 A         B        C        D         E       F
            +---------+---------+-------+---------+---------+-------
      Total |     696 |     190 |  21.4 |      73 |       5 |   6.4
            +---------+---------+-------+---------+---------+-------
        D:1 |      36 |       0 |   0.0 |      20 |       0 |   0.0
        D:2 |      65 |       0 |   0.0 |      19 |       0 |   0.0
        D:3 |      14 |       0 |   0.0 |       8 |       0 |   0.0
        D:4 |     139 |       0 |   0.0 |      15 |       0 |   0.0
        D:5 |     198 |       0 |   0.0 |       4 |       0 |   0.0
        D:6 |     244 |     190 |  43.8 |       7 |       5 |  41.7
            +---------+---------+-------+---------+---------+-------
